 Dungeon Crawl Stone Soup version 0.28-a0-687-gb91baff9cc (webtiles) character file.

Game seed: 9249251572623586579

2972 mordus the Basher (level 10, -3/70 HPs)
             Began as a Formicid Fighter on Oct 19, 2021.
             Was an Initiate of the Shining One.
             Slain by a two-headed ogre (13 damage)
             ... on level 8 of the Dungeon.
             The game lasted 00:14:11 (6145 turns).

mordus the Basher (Formicid Fighter)                Turns: 6145, Time: 00:14:11

Health: -3/70      AC: 11    Str: 23    XL:     10   Next: 8%
Magic:  10/10      EV:  8    Int:  9    God:    the Shining One [......]
Gold:   415        SH:  6    Dex: 16    Spells: 9/9 levels left

rFire   . . .      SeeInvis +   B - +1 flail (holy)
rCold   . . .      Faith    .   c - +0 buckler
rNeg    + . .      Spirit   .   u - +1 chain mail
rPois   .          Reflect  .   (helmet unavailable)
rElec   .          Harm     .   (no cloak)
rCorr   .          Rampage  .   (no gloves)
Will    +....                   (no boots)
Stlth   ..........              h - amulet of regeneration
HPRegen 1.21/turn               k - +6 ring of dexterity
MPRegen 0.12/turn               y - ring of positive energy

@: glowing
A: permanent stasis, dig shafts and tunnels, antennae 3, four strong arms
a: Dig, Shaft Self, Renounce Religion


You were on level 8 of the Dungeon.
You worshipped the Shining One.
The Shining One was noncommittal.
You visited 2 branches of the dungeon, and saw 9 of its levels.

You collected 415 gold pieces.

Inventory:

Hand Weapons
 a - a +0 flail
 B - a +1 flail of holy wrath (weapon)
 F - a +2 morningstar
Armour
 b - a +0 scale mail
 c - a +0 buckler (worn)
 u - a +1 chain mail (worn)
Jewellery
 e - an amulet of reflection
 h - an amulet of regeneration (around neck)
 k - a +6 ring of dexterity (left hand)
 w - a ring of magical power
 y - a ring of positive energy (right hand)
 z - a ring of protection from cold
 E - a +4 ring of protection
Wands
 q - a wand of mindburst (15)
 s - a wand of flame (17)
Scrolls
 f - 2 scrolls of identify
 g - a scroll of amnesia
 j - a scroll of fog
 n - 3 scrolls of fear
 t - a scroll of acquirement {unknown}
 A - 2 scrolls of vulnerability
Potions
 d - a potion of might
 i - 3 potions of brilliance {unknown}
 l - a potion of heal wounds {unknown}
 m - 4 potions of curing
 o - 4 potions of mutation {unknown}
 p - 2 potions of berserk rage {unknown}
 r - 2 potions of cancellation {unknown}
 v - a potion of degeneration {unknown}
 x - a potion of invisibility {unknown}


   Skills:
 - Level 3.2 Fighting
 * Level 9.7 Maces & Flails
 + Level 8.0 Armour
 + Level 8.8 Shields


You had 9 spell levels left.
You didn't know any spells.
Your spell library contained the following spells:

 Spells                   Type           Power      Damage    Failure   Level
 Animate Skeleton         Necr           0%         N/A       94%         1
 Beastly Appendage        Tmut           0%         N/A       94%         1
 Pain                     Necr           0%         1d4       94%         1
 Summon Small Mammal      Summ           0%         N/A       94%         1
 Wereblood                Tmut           0%         N/A       98%         2
 Call Canine Familiar     Summ           0%         N/A       100%        3
 Spider Form              Tmut/Pois      0%         N/A       100%        3
 Summon Guardian Golem    Hex/Summ       0%         N/A       100%        3
 Vampiric Draining        Necr           0%         2d6       100%        3
 Summon Lightning Spire   Summ/Air       0%         N/A       100%        4
 Agony                    Necr           0%         N/A       100%        5
 Excruciating Wounds      Necr           0%         N/A       100%        5
 Storm Form               Tmut/Air       0%         N/A       100%        7
 Maxwell's Capacitive Co  Air            0%         ∞         100%        8


Dungeon Overview and Level Annotations

Branches:
Dungeon (8/15)             Temple (1/1) D:5
   Lair: D:8-11

Altars:
Ashenzari
Cheibriados
Dithmenos
Elyvilon
Fedhas
Gozag
Hepliaklqana
Makhleb
Nemelex Xobeh
Okawaru
Qazlal
Ru
Sif Muna
Trog
Uskayaw
Vehumet
Wu Jian
Xom
Yredelemnul
The Shining One


Innate Abilities, Weirdness & Mutations

You cannot be hasted, slowed, berserked, paralysed or teleported.
You can dig through walls and to a lower floor.
You have a pair of large antennae on your head. (SInv)
Your four strong arms can wield two-handed weapons with a shield.


Message History

A two-headed ogre comes into view.
It is wielding a +0 dire flail and a +0 giant club.
The two-headed ogre shouts in stereo!
There is an open door here.
A two-headed ogre is nearby!
The two-headed ogre completely misses you.
The two-headed ogre hits you with a +0 giant club.
A two-headed ogre is nearby!
You sock the two-headed ogre!
The two-headed ogre is lightly wounded.
A two-headed ogre is nearby!
You sock the two-headed ogre!
The two-headed ogre is moderately wounded.
The two-headed ogre barely misses you.
The two-headed ogre hits you with a +0 giant club!
You hit the two-headed ogre.
The two-headed ogre is moderately wounded.
The two-headed ogre hits you with a +0 dire flail!
The two-headed ogre hits you with a +0 giant club.
A two-headed ogre is nearby!
You hit the two-headed ogre.
The two-headed ogre is moderately wounded.
A two-headed ogre is nearby!
You hit the two-headed ogre.
The two-headed ogre is moderately wounded.
The two-headed ogre closely misses you.
The two-headed ogre hits you with a +0 giant club!
You are too injured to fight recklessly!
You are too injured to fight recklessly!
You hit the two-headed ogre.
The two-headed ogre is heavily wounded.
The two-headed ogre hits you but does no damage.
The two-headed ogre hits you with a +0 giant club!
* * * LOW HITPOINT WARNING * * *
You hit the two-headed ogre.
The two-headed ogre is heavily wounded.
There is an open door here.
The two-headed ogre hits you with a +0 dire flail!
* * * LOW HITPOINT WARNING * * *
The two-headed ogre hits you with a +0 giant club!
You die...

..# #..# { #..#
####### ...#
#.....## #..#
##.....##'## #..# .
#...........##..#
.. #.....##....O..#
..##....<##....#@.#
.........##...##..#
.......(.##...##..#
.........#.....#..#
.........#.....#..#
####...####..###..#
###...###........#
#............#...#
#.........†......#


You could see a two-headed ogre.

Vanquished Creatures
  3 centaur zombies
  A troll (D:6)
  Grinder (D:3)
  Sigmund (D:3)
  A steam dragon (D:7)
  A water moccasin (D:7)
  Duvessa (D:6)
  A hornet zombie (D:7)
  An ice beast (D:7)
  A black bear (D:7)
  An ogre (D:7)
  A centaur (D:8)
  A kobold brigand (D:7)
  A wyvern zombie (D:4)
  A gnoll sergeant (D:6)
  A scorpion (D:6)
  Dowan (D:6)
  A water moccasin skeleton (D:5)
  3 wights (D:4)
  2 bullfrog zombies
  2 centaur skeletons
  3 hounds (D:6)
  4 orc priests
  A gnoll shaman (D:6)
  An iguana (D:4)
  4 orc wizards
  A hound zombie (D:5)
  Robin (D:4)
  10 gnolls
  3 adders
  2 shadow imps
  2 dart slugs
  31 orcs
  9 ball pythons
  6 endoplasms
  6 giant cockroaches
  8 goblins
  7 hobgoblins
  6 kobolds
  5 quokkas
  5 bats
  A frilled lizard (D:1)
  2 rats (D:1)
145 creatures vanquished.

Notes
Turn   | Place    | Note
-------+----------+-------------------------------------------
     0 | D:1      | mordus the Formicid Fighter began the quest for the Orb.
     0 | D:1      | Reached XP level 1. HP: 18/18 MP: 1/1
   220 | D:1      | Reached XP level 2. HP: 24/24 MP: 2/2
   900 | D:2      | Reached XP level 3. HP: 28/29 MP: 3/3
  1012 | D:2      | Found a shadowy altar of Dithmenos.
  1593 | D:3      | Reached skill level 3 in Maces & Flails
  1611 | D:3      | Noticed Sigmund
  1653 | D:3      | Killed Sigmund
  1654 | D:3      | Reached skill level 4 in Maces & Flails
  1654 | D:3      | Reached XP level 4. HP: 31/35 MP: 4/4
  1654 | D:3      | Reached XP level 5. HP: 37/41 MP: 5/5
  1654 | D:3      | Reached XP level 6. HP: 42/47 MP: 6/6
  1872 | D:3      | Found a faded altar of an unknown god.
  1902 | D:3      | Reached skill level 5 in Shields
  1981 | D:3      | Noticed Grinder
  2027 | D:3      | Killed Grinder
  2028 | D:3      | Reached skill level 5 in Maces & Flails
  2028 | D:3      | Reached skill level 5 in Armour
  2028 | D:3      | Reached XP level 7. HP: 22/52 MP: 7/7
  2127 | D:3      | Found a bloodstained altar of Trog.
  2728 | D:4      | Found a stormy altar of Qazlal.
  2854 | D:4      | Reached skill level 6 in Maces & Flails
  3164 | D:4      | Noticed Robin
  3187 | D:4      | Killed Robin
  3188 | D:4      | Reached XP level 8. HP: 55/58 MP: 8/8
  3296 | D:5      | Entered Level 5 of the Dungeon
  3315 | D:5      | You fall into a shaft and drop 1 floor!
  3660 | D:5      | Reached skill level 7 in Maces & Flails
  3674 | D:5      | Found a staircase to the Ecumenical Temple.
  3685 | Temple   | Entered the Ecumenical Temple
  4138 | D:5      | Reached XP level 9. HP: 64/64 MP: 9/9
  4450 | D:5      | Found a glowing golden altar of the Shining One.
  4477 | D:5      | Became a worshipper of the Shining One
  4623 | D:5      | Found an ornate altar of the Wu Jian Council.
  4760 | D:7      | Reached skill level 8 in Maces & Flails
  4785 | D:6      | Noticed Duvessa
  4786 | D:6      | Noticed Dowan
  4793 | D:6      | Killed Duvessa
  4799 | D:6      | Killed Dowan
  4929 | D:6      | Noticed a troll
  4943 | D:6      | Killed a troll
  5277 | D:7      | Found a burning altar of Makhleb.
  5277 | D:7      | Noticed a blizzard demon
  5280 | D:7      | Noticed an orange demon
  5280 | D:7      | Noticed a hellwing
  5360 | D:7      | Reached skill level 9 in Maces & Flails
  5612 | D:7      | Found a hazy altar of Hepliaklqana.
  5828 | D:7      | Reached XP level 10. HP: 70/70 MP: 10/10
  6101 | D:8      | Found a radiant altar of Vehumet.
  6134 | D:8      | Noticed a two-headed ogre
  6145 | D:8      | Slain by a two-headed ogre

Illustrated notes

Levels and vault maps discovered:
D:1:      co_arrival_square_in_a_square_in_a_square, layout_basic
D:2:      layout_basic, basic_altar
D:3:      minmay_door_path, layout_loops_ring, mainiacjoe_overflow_alcove_4,
          hellmonk_ecumenical_altar_lost_god, uniq_sigmund, uniq_grinder
D:4:      layout_basic, lemuel_tele_altar, uniq_robin
D:5:      layout_loops_cross, tso_altar, nzn_wu_jian_council_hall,
          minmay_temple_entry_large_hall, corexii_item_surrounded_by_moat
D:6:      layout_rooms, dk_noncrumbling_4, uniq_duvessa
D:7:      layout_basic, kennysheep_little_box, makhleb_altar_promises_db
D:8:      layout_gridville, vehumet_altar_wand_db, uniq_grum
Temple:   nicolae_temple_figure_eight

Skill      XL: |  1  2  3  4  5  6  7  8  9 10 |
---------------+-------------------------------+-----
Shields        | 4 5 6 7 8 |  8.8
Maces & Flails | 4 5 6 7 9 |  9.7
Armour         | 4 5 6 7 8 |  8.0
Fighting       | |  3.2

Action                   |  1- 3 |  4- 6 |  7- 9 | 10-12 || total
-------------------------+-------+-------+-------+-------++-------
Melee: Flail             |    85 |    52 |   446 |    16 ||   599
 Abil: Dig               |       |       |     3 |       ||     3
  Use: Scroll            |       |       |    11 |       ||    11
Armor: Scale mail        |    37 |    18 |    17 |       ||    72
       Chain mail        |       |       |   236 |     6 ||   242
Dodge: Dodged            |    45 |    18 |   195 |     5 ||   263
Block: Buckler           |    15 |     8 |   146 |     6 ||   175

Table legend: (Time is in decaauts)
 A = Elapsed time spent in this place.
 B = Non-inter-level travel time spent in this place.
 C = Inter-level travel time spent in this place.
 D = Time resting spent in this place.
 E = Time spent auto-exploring this place.
 F = Levels seen in this place.
 G = Mean time per level.
                   A        B        C        D        E       F      G
               +--------+--------+--------+--------+--------+-----+--------+
         Total |   6208 |   5996 |    212 |    368 |   4186 |   9 |  689.8 |
       Dungeon |   5993 |   5790 |    203 |    368 |   3984 |   8 |  749.1 |
        Temple |    214 |    205 |      9 |      0 |    202 |   1 |  214.0 |
               +--------+--------+--------+--------+--------+-----+--------+

Top non-repeatable levels by time:
     D:3: 940 daAuts
     D:6: 889 daAuts
     D:4: 860 daAuts
     D:7: 855 daAuts
     D:5: 848 daAuts
     D:2: 844 daAuts
     D:1: 695 daAuts
  Temple: 214 daAuts
     D:8: 59 daAuts
